 Dungeon Crawl Stone Soup version 0.22.1-1-ga44c0e5 (webtiles) character file.

47 Kagorn the Skirmisher (level 3, -3/24 HPs)
             Began as a Gargoyle Berserker on Oct 16, 2018.
             Was a Believer of Trog.
             Slain by a gnoll
             ... wielding a +0 flail
              (6 damage)
             ... on level 1 of the Dungeon.
             The game lasted 00:06:21 (514 turns).

Kagorn the Skirmisher (Gargoyle Berserker)           Turns: 514, Time: 00:06:22

Health: -3/24      AC:  8    Str: 20    XL:     3   Next: 70%
Magic:  0/3        EV: 11    Int:  7    God:    Trog [**....]
Gold:   63         SH:  0    Dex: 10    Spells: 2/2 levels left

rFire    . . .     SeeInvis .   a - +0 hand axe
rCold    . . .     Gourm    .   (no shield)
rNeg     + . .     Faith    .   l - +0 ring mail
rPois    ∞         Spirit   +   (no helmet)
rElec    +         Reflect  .   (no cloak)
rCorr    .         Harm     .   (no gloves)
MR       ++...                  (no boots)
Stlth    +.........             b - amulet of guardian spirit
HPRegen  1.08/turn              i - ring of wizardry
MPRegen  0.08/turn              (no ring)

@: regenerating
A: negative energy resistance 1, electricity resistance, unbreathing,
petrification resistance, rot immunity, AC +3
a: Berserk, Trog's Hand, Renounce Religion


You were on level 1 of the Dungeon.
You worshipped Trog.
Trog was pleased with you.
You were not hungry.

You visited 1 branch of the dungeon, and saw 1 of its levels.

You collected 63 gold pieces.

Inventory:

Hand Weapons
 a - a +0 hand axe (weapon)
Missiles
 d - 21 stones (quivered)
Armour
 l - a +0 ring mail (worn)
Jewellery
 b - an amulet of guardian spirit (around neck)
 i - a ring of wizardry (left hand)
Scrolls
 g - 2 scrolls of enchant armour {unknown}
 h - a scroll of enchant weapon {unknown}
Potions
 e - a potion of might {unknown}
 j - a potion of agility {unknown}
 k - a potion of resistance {unknown}
Comestibles
 c - a ration
 f - 4 chunks of flesh


   Skills:
 * Level 4.0 Fighting
 * Level 3.1 Axes
 + Level 2.4 Armour
 + Level 1.9 Dodging
 + Level 1.1 Stealth


You had 2 spell levels left.
You didn't know any spells.
Your spell library was empty.

Dungeon Overview and Level Annotations

Branches:
Dungeon (1/15)

Altars:


Innate Abilities, Weirdness & Mutations

You are resistant to torment.
Your stone body is resilient. (AC +3)
You are immune to poison.
You resist negative energy. (rN+)
You are resistant to electric shocks. (rElec)
You can survive without breathing.
You are immune to petrification.
You are immune to rotting.


Message History

The gnoll hits you with a flail.
* * * LOW HITPOINT WARNING * * *
Your skin crawls.
You feel resistant to hostile enchantments.
You feel somewhat more hungry. The gnoll hits you with a flail.
* * * LOW HITPOINT WARNING * * *
You hit the gnoll.
The gnoll is severely wounded.
You barely miss the gnoll.
The gnoll is severely wounded.
The gnoll hits you with a flail.
* * * LOW HITPOINT WARNING * * *
You barely miss the gnoll.
The gnoll is severely wounded.
The gnoll hits you with a flail.
* * * LOW HITPOINT WARNING * * *
You closely miss the gnoll.
The gnoll is severely wounded.
The gnoll hits you with a flail!
You die...

.#
##...†#.....#[#........###
##
#.................###..#
#.........#.#.#........#
#.......>...#.#....###.###
#.......#.#.#....#.#.....#
#.......#.(........#####.#
#########.....#....# #.#
#######...#.##...# #)#
#......)g@%......# #.#
#.#####.#.#.#..#.# #.#
...#...#..#.# #.#
###.......##.# #.###
....[....# .# #....
.#.#####... ##### ...#
#### ####


You could see a gnoll.

Vanquished Creatures
  2 dart slugs (D:1)
  2 leopard geckos (D:1)
  A ball python (D:1)
  2 giant cockroaches (D:1)
  2 hobgoblins (D:1)
  8 jackals (D:1)
  5 kobolds (D:1)
  5 bats (D:1)
  4 goblins (D:1)
  5 rats (D:1)
36 creatures vanquished.

Notes
Turn   | Place    | Note
-------+----------+-------------------------------------------
     0 | D:1      | Kagorn the Gargoyle Berserker began the quest for the Orb.
     0 | D:1      | Reached XP level 1. HP: 14/14 MP: 1/1
    48 | D:1      | Reached XP level 2. HP: 12/19 MP: 2/2
   159 | D:1      | Reached XP level 3. HP: 10/24 MP: 3/3
   227 | D:1      | Reached skill level 1 in Stealth
   378 | D:1      | Reached ** piety under Trog
   438 | D:1      | Reached skill level 4 in Fighting
   514 | D:1      | Slain by a gnoll

Skill      XL: |  1  2  3 |
---------------+----------+-----
Axes           | 3 |  3.1
Stealth        | 1 |  1.1
Fighting       | 4 |  4.0
Armour         | |  2.4
Dodging        | |  1.9

Action                   || total
-------------------------++-------
Melee: Hand axe          ||   103
Invok: Trog's Hand       ||     1
 Stab: Sleeping          ||     1
Armor: Animal skin       ||    20
       Ring mail         ||    17
       Skin              ||     2
Dodge: Dodged            ||    57
